 Dungeon Crawl Stone Soup version 0.14-a0-1844-g8283a67 (webtiles) character file.

139 4tharraofdagon the Cudgeler (level 3, -5/36 HPs)
             Began as a Troll Gladiator on Jan 12, 2014.
             Was an Initiate of the Shining One.
             Slain by Prince Ribbit (12 damage)
             ... on Level 4 of the Dungeon.
             The game lasted 00:02:07 (497 turns).

4tharraofdagon the Cudgeler (Troll Gladiator)        Turns: 497, Time: 00:02:08

HP  -5/36        AC  5     Str 23      XL: 3   Next: 57%
MP   2/2         EV 10     Int  5      God: the Shining One [......]
Gold 88          SH  0     Dex 10      Spells:  0 memorised,  2 levels left

rFire  . . .     SeeInvis .     a - +0 mace
rCold  . . .     Clarity  .     b - +0 animal skin
rNeg   . . .     Conserve .     (shield restricted)
rPois  .         rCorr    .     c - +0 cap
rElec  .         rRot     .     (no cloak)
SustAb . .       Spirit   .     (gloves unavailable)
rMut   .         Warding  .     (boots unavailable)
Gourm  +         Stasis   .     (no amulet)
                                (no ring)
                                (no ring)

@: quite poisoned, not resistant to hostile enchantments, unstealthy
A: unfitting armour, claws 3, fast metabolism 3, gourmand, regeneration 2,
saprovore 2, shaggy fur 1, tough skin 2
a: Renounce Religion


You were on level 4 of the Dungeon.
You worshipped the Shining One.
The Shining One was noncommittal.
You were completely stuffed.

You visited 1 branch of the dungeon, and saw 4 of its levels.

You collected 88 gold pieces.

Inventory:

Hand weapons
 a - a +0,+0 mace (weapon)
Missiles
 d - 3 throwing nets (quivered)
Armour
 b - a +0 animal skin (worn)
 c - a +0 cap (worn)
Comestibles
 f - 2 meat rations
Scrolls
 e - 3 scrolls of remove curse {unknown}
 g - a scroll of enchant weapon II {unknown}
 i - a scroll of random uselessness


   Skills:
 + Level 2.5 Fighting
 + Level 3.0 Maces & Flails
 - Level 1.7 Throwing
 + Level 1.4 Armour
 - Level 2.4 Dodging


You had 2 spell levels left.
You didn't know any spells.

Dungeon Overview and Level Annotations

Branches:
Dungeon (4/16)
 Temple: D:4-7

Altars:
the Shining One

Annotations:
D:4 Prince Ribbit


Innate Abilities, Weirdness & Mutations

You are too large for most types of armour.
You have claws for hands.
Your metabolism is lightning-fast.
You like to eat raw meat.
You heal very quickly.
You can eat rotten meat.
You are covered in fur (AC +1).
You have very tough skin (AC +2).


Message History

You feel refreshed.
It was a potion of restore abilities.
* * * LOW HITPOINT WARNING * * *
You feel sick. Prince Ribbit closely misses you. Prince Ribbit hits you.
* * * LOW HITPOINT WARNING * * *
Unknown command.
Read which item? (? for menu, Esc to quit)
As you read the scroll labeled ADEKHL KHUEZU, it crumbles to dust.
The scroll reassembles itself in your claws!
It is a scroll of random uselessness.
* * * LOW HITPOINT WARNING * * *
You feel sick.
Prince Ribbit hits you but does no damage.
Unknown command.
Read which item? (? for menu, Esc to quit)
As you read the scroll labeled MNERHE JOMUS, it crumbles to dust.
Use on which item? (\ to view known items) (? for menu, Esc to quit)
Nothing appears to happen.
* * * LOW HITPOINT WARNING * * *
You feel sick. Prince Ribbit hits you!
You die...

#.#### #....#
##....# #.....#
##<...# # #....## ..
#...##
#.#######...###<...
+......F@%.........#
#......####.###....
#.......# #.# .#
#.......# #.#
#.......# #.#
.........## #.#
.......(.. ..#
..?######. ..# ## .
.


You could see Prince Ribbit.

Vanquished Creatures
  Jessica (D:2)
  2 adders (D:3)
  A giant cockroach (D:3)
  A goblin (D:2)
  2 hobgoblins (D:3)
  3 quokkas
  4 bats
  A kobold (D:3)
  2 rats (D:2)
17 creatures vanquished.

Notes
Turn   | Place    | Note
--------------------------------------------------------------
     0 | D:1      | 4tharraofdagon, the Troll Gladiator, began the quest for the Orb.
     0 | D:1      | Reached XP level 1. HP: 19/19 MP: 1/1
    91 | D:2      | Noticed Jessica
    99 | D:2      | Killed Jessica
    99 | D:2      | Reached XP level 2. HP: 26/28 MP: 1/1
   271 | D:3      | Reached skill level 1 in Armour
   271 | D:3      | Reached XP level 3. HP: 17/35 MP: 2/2
   283 | D:3      | Found a glowing golden altar of the Shining One.
   303 | D:3      | Became a worshipper of the Shining One
   435 | D:3      | Reached skill level 3 in Maces & Flails
   488 | D:4      | Noticed Prince Ribbit
   497 | D:4      | Slain by Prince Ribbit

Action                   || total
-------------------------++-------
Melee: Mace              ||    63
  Use: Scroll            ||     2
       Potion            ||     2
